[Event "RUS-ch Rapid Men 2018"]
[Site "Sochi"]
[Date "2018.10.06"]
[Round "10"]
[White "Tsoi, Dmitry"]
[Black "Lugovskoy, Maxim"]
[Result "0-1"]
[ECO "A06"]
[WhiteElo "2429"]
[BlackElo "2428"]
[Annotator "NA"]
[PlyCount "82"]
[EventDate "2018.10.05"]
[EventType "swiss"]
[EventCountry "RUS"]
[SourceTitle "playchess.com"]
[Source "ChessBase"]
[SourceQuality "1"]
[TimeControl "900+10"]

1. c4 e6 2. Nf3 d5 3. e3 Nf6 4. b3 c5 5. Bb2 Nc6 6. g3 d4 7. exd4 cxd4 8. Bg2 Be7 9. O-O O-O 10. Re1 Re8 11. d3 Bf8 12. Ne5 Nxe5 13. Rxe5 Bd6 14. Re1 e5 15. Na3 Bg4 16. Qd2 a5 17. Nc2 Qd7 18. a3 b5 19. b4 bxc4 20. dxc4 Rab8 21. Rab1 axb4 22. axb4 Qf5 23. c5 Bf8 24. Bxd4 Rbd8 25. c6 exd4 26. Rxe8 Rxe8 27. Na3 d3 28. Nc4 Re2 29. Qf4 Qxf4 30. gxf4 d2 31. Nxd2 Rxd2 32. b5 Bc5 33. b6 Bxf2+ 34. Kf1 Bxb6 35. Rxb6 h5 36. c7 Rc2 37. Bc6 Kh7 38. Ke1 h4 39. h3 Bxh3 40. Kd1 Rc5 41. Kd2 Bd7 0-1

[Event "RUS-ch Rapid Men 2018"]
[Site "Sochi"]
[Date "2018.10.06"]
[Round "10"]
[White "Malakhov, Igor"]
[Black "Panarin, Mikhail"]
[Result "1-0"]
[ECO "B47"]
[WhiteElo "2423"]
[BlackElo "2562"]
[Annotator "ChessBase"]
[PlyCount "92"]
[EventDate "2018.10.05"]
[EventType "swiss"]
[EventCountry "RUS"]
[SourceTitle "playchess.com"]
[Source "ChessBase"]
[SourceQuality "1"]
[TimeControl "900+10"]

1. e4 c5 2. Nf3 e6 3. d4 cxd4 4. Nxd4 Nc6 5. Nc3 Qc7 6. Nxc6 Qxc6 7. Bd3 a6 8. O-O b5 9. e5 Bb7 10. Be4 Qc7 11. Qf3 Rb8 12. Bxb7 Rxb7 13. Bf4 Ne7 14. h4 h5 15. Ne4 Nf5 16. g3 Nd4 17. Qd1 Nc6 18. Nd6+ Bxd6 19. exd6 Qd8 20. Bg5 f6 21. Be3 Kf7 22. c3 Qg8 23. b4 Qh7 24. a4 Rc8 25. axb5 axb5 26. Qf3 Qf5 27. Qxf5 exf5 28. f4 Nd8 29. Ra3 Rc4 30. Rd1 Rb8 31. Kf2 Rbc8 32. Rd3 Ke6 33. Bd4 Nb7 34. Re3+ Kxd6 35. Ra7 Kc7 36. Re7 Rg8 37. Ke2 Rc6 38. Kd3 Kd8 39. Rxd7+ Kxd7 40. Rxb7+ Ke6 41. Rxb5 Ra8 42. Rb7 g6 43. Rg7 Ra2 44. Bc5 Rxc5 45. bxc5 Rg2 46. c6 Kd5 {Ke4+} 1-0

[Event "RUS-ch Rapid Men 2018"]
[Site "Sochi"]
[Date "2018.10.06"]
[Round "10"]
[White "Ofitserian, Boris"]
[Black "Triapishko, Alexandr"]
[Result "0-1"]
[ECO "A48"]
[WhiteElo "2411"]
[BlackElo "2508"]
[Annotator "ChessBase"]
[PlyCount "50"]
[EventDate "2018.10.05"]
[EventType "swiss"]
[EventCountry "RUS"]
[SourceTitle "playchess.com"]
[Source "ChessBase"]
[SourceQuality "1"]
[TimeControl "900+10"]

1. d4 Nf6 2. Nf3 g6 3. c4 Bg7 4. Nc3 d5 5. cxd5 Nxd5 6. Bd2 O-O 7. e4 Nxc3 8. Bxc3 Nd7 9. Be2 Nb6 10. a4 f5 11. Qb3+ e6 12. exf5 Rxf5 13. a5 Nd5 14. O-O b6 15. Rfe1 Bb7 16. a6 Bc6 17. Bd2 Qd6 18. Rac1 Raf8 19. Qc4 Ba8 20. Ng5 Rxf2 21. Ne4 Bxd4 22. Kh1 Ne3 23. Bxe3 Bxe3 24. Rcd1 Bxe4 25. Qxe4 Rxe2 0-1

[Event "RUS-ch Rapid Men 2018"]
[Site "Sochi"]
[Date "2018.10.06"]
[Round "10"]
[White "Sergeyev, Alexander"]
[Black "Gutenev, Alexander"]
[Result "0-1"]
[ECO "D80"]
[WhiteElo "2397"]
[BlackElo "2456"]
[Annotator "ChessBase"]
[PlyCount "80"]
[EventDate "2018.10.05"]
[EventType "swiss"]
[EventCountry "RUS"]
[SourceTitle "playchess.com"]
[Source "ChessBase"]
[SourceQuality "1"]
[TimeControl "900+10"]

1. d4 Nf6 2. c4 g6 3. Nc3 d5 4. Bg5 Ne4 5. Bh4 Nxc3 6. bxc3 dxc4 7. e3 Be6 8. Ne2 Bh6 9. Qb1 b6 10. Bg3 Qd5 11. e4 Qa5 12. Bxc7 Na6 13. Be5 f6 14. Bg3 Rd8 15. a4 Nc5 16. Qb5+ Qxb5 17. axb5 Nxe4 18. f3 Bd2+ 19. Kd1 Bxc3 20. Rxa7 Nxg3 21. hxg3 Bxd4 22. Nxd4 Rxd4+ 23. Kc2 Kf7 24. Rb7 Rd6 25. Kc3 h5 26. Rh4 Rc8 27. g4 Rd1 28. gxh5 Rxf1 29. hxg6+ Kxg6 30. Rxe7 Re1 31. Reh7 Bg8 32. R7h6+ Kg7 33. R6h5 Re3+ 34. Kd2 Re5 35. Rg4+ Rg5 36. Rhxg5+ fxg5 37. Rxg5+ Kf6 38. Rh5 c3+ 39. Kc1 Bb3 40. Rh6+ Kg5 0-1

[Event "RUS-ch Rapid Men 2018"]
[Site "Sochi"]
[Date "2018.10.06"]
[Round "11"]
[White "Chigaev, Maksim"]
[Black "Moiseenko, Vadim"]
[Result "0-1"]
[ECO "C59"]
[WhiteElo "2599"]
[BlackElo "2492"]
[Annotator "ChessBase"]
[PlyCount "86"]
[EventDate "2018.10.05"]
[EventType "swiss"]
[EventCountry "RUS"]
[SourceTitle "playchess.com"]
[Source "ChessBase"]
[SourceQuality "1"]
[TimeControl "900+10"]

1. e4 e5 2. Nf3 Nc6 3. Bc4 Nf6 4. Ng5 d5 5. exd5 Na5 6. Bb5+ c6 7. dxc6 bxc6 8. Be2 h6 9. Nh3 Bc5 10. Nc3 O-O 11. d3 Rb8 12. O-O Bf5 13. Kh1 Bb6 14. f4 e4 15. g4 exd3 16. cxd3 Bc8 17. f5 Bc7 18. g5 hxg5 19. Nxg5 Rb4 20. Nce4 Rb5 21. Bg4 Rd5 22. Nxf6+ Qxf6 23. Ne4 Qh4 24. h3 Ba6 25. Bg5 Qh7 26. Qf3 Bxd3 27. Rfd1 Nc4 28. Bf4 Bxf4 29. Qxf4 Rfd8 30. Nf2 Ne5 31. Nxd3 Nxd3 32. Qe3 Qh4 33. Rf1 Rd4 34. Kg2 Nxb2 35. Rae1 Nd3 36. Re2 c5 37. f6 gxf6 38. Bf5 Nf4+ 39. Kh1 Nxe2 40. Qxe2 Kf8 41. Rg1 R4d5 42. Qf3 Re5 43. Bb1 Re1 0-1

[Event "RUS-ch Rapid Men 2018"]
[Site "Sochi"]
[Date "2018.10.06"]
[Round "11"]
[White "Panarin, Mikhail"]
[Black "Kirillov, Dmitry"]
[Result "1-0"]
[ECO "B81"]
[WhiteElo "2562"]
[BlackElo "2267"]
[Annotator "ChessBase"]
[PlyCount "107"]
[EventDate "2018.10.05"]
[EventType "swiss"]
[EventCountry "RUS"]
[SourceTitle "playchess.com"]
[Source "ChessBase"]
[SourceQuality "1"]
[TimeControl "900+10"]

1. e4 c5 2. Nf3 e6 3. d4 cxd4 4. Nxd4 Nf6 5. Nc3 d6 6. g4 a6 7. g5 Nfd7 8. Be3 Qc7 9. h4 b5 10. a3 Bb7 11. h5 Nc6 12. Rh3 Nde5 13. f4 Nc4 14. Bxc4 bxc4 15. Qe2 Nxd4 16. Bxd4 h6 17. O-O-O Rb8 18. Rg3 e5 19. Nd5 Bxd5 20. exd5 f6 21. gxf6 gxf6 22. Bc3 Rh7 23. Rdg1 Rf7 24. Rg8 Qc5 25. fxe5 fxe5 26. Bxe5 Kd8 27. R1g7 Rbb7 28. Rxf7 Rxf7 29. Bc3 Qxd5 30. Kb1 Rf1+ 31. Qxf1 Qxg8 32. Qf5 Be7 33. Qa5+ Kd7 34. Qa4+ Kc7 35. Ba5+ Kb8 36. Qc6 Qc8 37. Qd5 Qc5 38. Qg8+ Kb7 39. Bb4 Qxh5 40. Qxc4 Qh1+ 41. Ka2 Qc6 42. Qe6 Qc7 43. Kb1 Ka7 44. Qxh6 Kb7 45. Qe6 Ka7 46. Bc3 Kb7 47. Bd4 Kb8 48. c4 Qb7 49. Ka2 a5 50. Qg8+ Qc8 51. Qd5 Qa6 52. Qg8+ Qc8 53. Qf7 Qb7 54. Qe8+ 1-0

[Event "RUS-ch Rapid Men 2018"]
[Site "Sochi"]
[Date "2018.10.06"]
[Round "11"]
[White "Sychev, Klementy"]
[Black "Apryshko, Gleb"]
[Result "1-0"]
[ECO "B06"]
[WhiteElo "2534"]
[BlackElo "2399"]
[Annotator "ChessBase"]
[PlyCount "93"]
[EventDate "2018.10.05"]
[EventType "swiss"]
[EventCountry "RUS"]
[SourceTitle "playchess.com"]
[Source "ChessBase"]
[SourceQuality "1"]
[TimeControl "900+10"]

1. e4 g6 2. d4 Bg7 3. c4 Nc6 4. Ne2 d6 5. Nbc3 e5 6. d5 Nce7 7. Be3 f5 8. f3 Nf6 9. h3 c6 10. g4 cxd5 11. cxd5 Bd7 12. Nc1 O-O 13. Bg2 b5 14. a3 a5 15. O-O b4 16. N3e2 Bb5 17. Qd2 Qd7 18. axb4 axb4 19. Nd3 Bc4 20. b3 Bxb3 21. Nxb4 Rfc8 22. Rfb1 Rxa1 23. Rxa1 Bc4 24. Ra7 Rc7 25. Rxc7 Qxc7 26. Qc2 Ne8 27. Bf1 Bb5 28. Qxc7 Nxc7 29. Nc3 Bxf1 30. Kxf1 Nc8 31. Ke2 Kf7 32. Kd3 fxg4 33. fxg4 Bf6 34. Kc4 Ke8 35. Nb5 Kd7 36. Nc6 Bh4 37. Nxc7 Kxc7 38. Kb5 Kb7 39. Bd2 Nb6 40. Ba5 Nc8 41. Bd8 Bf2 42. Na5+ Kb8 43. Kc6 Bc5 44. Bc7+ Ka7 45. Nc4 Ne7+ 46. Kd7 Kb7 47. Bxd6 1-0

[Event "RUS-ch Rapid Men 2018"]
[Site "Sochi"]
[Date "2018.10.06"]
[Round "11"]
[White "Triapishko, Alexandr"]
[Black "Malakhov, Igor"]
[Result "1/2-1/2"]
[ECO "A06"]
[WhiteElo "2508"]
[BlackElo "2423"]
[Annotator "ChessBase"]
[PlyCount "155"]
[EventDate "2018.10.05"]
[EventType "swiss"]
[EventCountry "RUS"]
[SourceTitle "playchess.com"]
[Source "ChessBase"]
[SourceQuality "1"]
[TimeControl "900+10"]

1. Nf3 d5 2. g3 c6 3. Bg2 Bg4 4. c4 Bxf3 5. Bxf3 e6 6. Qc2 Nd7 7. Bg2 Ngf6 8. d3 Bc5 9. Nc3 O-O 10. O-O d4 11. Na4 Be7 12. b4 Bxb4 13. Rb1 Qe7 14. Qb2 a5 15. Qxd4 Rab8 16. Bb2 b5 17. Nc3 Rfc8 18. Ne4 Ne8 19. cxb5 cxb5 20. Rfc1 f5 21. Nc3 Bc5 22. Qf4 Nef6 23. e3 Bd6 24. Qf3 Ba3 25. Qe2 Bxb2 26. Qxb2 b4 27. Na4 Qd6 28. Qb3 Kf7 29. Kf1 Ke7 30. Ke2 Ng4 31. h3 Nge5 32. f4 Nf7 33. Rc4 Rxc4 34. Qxc4 Nb6 35. Nxb6 Qxb6 36. Rc1 Nd6 37. Qc7+ Qxc7 38. Rxc7+ Kf6 39. Ra7 Rb5 40. Bc6 b3 41. axb3 Rxb3 42. Rxa5 Rb2+ 43. Kf3 Rb3 44. Ke2 Rb2+ 45. Ke1 Rb1+ 46. Kf2 Rb2+ 47. Kf1 Rb3 48. Ke2 Rb2+ 49. Kd1 Rb1+ 50. Kc2 Rg1 51. e4 fxe4 52. dxe4 Nc4 53. Ra6 Rxg3 54. Bd7 Ke7 55. Bxe6 Nd6 56. Bd5 Nb5 57. Rb6 Nd4+ 58. Kd2 Rxh3 59. e5 g5 60. Rb7+ Kd8 61. fxg5 Rg3 62. Rb8+ Kc7 63. Rb7+ Kd8 64. Rb8+ Kc7 65. Rb4 Nf3+ 66. Bxf3 Rxf3 67. Rh4 Kd7 68. Ke2 Rg3 69. Rxh7+ Ke6 70. Rg7 Kxe5 71. Kf2 Rg4 72. Kf3 Rg1 73. Kf2 Rg4 74. Kf3 Rg1 75. Rg8 Kf5 76. Rf8+ Kg6 77. Rg8+ Kf7 78. Ke4 1/2-1/2

[Event "RUS-ch Rapid Men 2018"]
[Site "Sochi"]
[Date "2018.10.06"]
[Round "11"]
[White "Gabrielian, Artur"]
[Black "Pridorozhni, Aleksei"]
[Result "1/2-1/2"]
[ECO "B40"]
[WhiteElo "2499"]
[BlackElo "2574"]
[Annotator "ChessBase"]
[PlyCount "188"]
[EventDate "2018.10.05"]
[EventType "swiss"]
[EventCountry "RUS"]
[SourceTitle "playchess.com"]
[Source "ChessBase"]
[SourceQuality "1"]
[TimeControl "900+10"]

1. e4 c5 2. Nf3 e6 3. g3 d5 4. exd5 exd5 5. Bg2 Qe7+ 6. Kf1 Nc6 7. Nc3 d4 8. Nd5 Qd8 9. Nf4 Bd6 10. d3 Nf6 11. Qe2+ Ne7 12. Bd2 O-O 13. Re1 Re8 14. Qd1 Bd7 15. h3 Qc7 16. Kg1 Bc6 17. Kh2 h6 18. Rhf1 b6 19. Ng1 Bxf4 20. Bxf4 Qb7 21. Bxc6 Qxc6 22. Nf3 Ng6 23. Ne5 Nxe5 24. Bxe5 Nd5 25. Qg4 Qg6 26. Qf3 Rad8 27. Bf4 Qf5 28. Kg2 g5 29. Bd2 Qxf3+ 30. Kxf3 Kg7 31. h4 Kg6 32. hxg5 hxg5 33. g4 b5 34. a3 Rc8 35. Rxe8 Rxe8 36. b3 Re6 37. Re1 Rxe1 38. Bxe1 f5 39. Ba5 Nf6 40. gxf5+ Kxf5 41. Bc7 Nd7 42. Ke2 g4 43. f3 gxf3+ 44. Kxf3 Ke6 45. Bf4 Kd5 46. Ke2 a6 47. Bg3 Nf8 48. Kd2 Ne6 49. Bh4 c4 50. bxc4+ bxc4 51. dxc4+ Kxc4 52. Bf6 Nc5 53. Kc1 a5 54. Bd8 a4 55. Kb2 Ne4 56. Bh4 Kd5 57. Be1 Nd6 58. Bb4 Nc4+ 59. Kc1 Ke4 60. Bf8 Ke3 61. Bh6+ Ke2 62. Bg7 Ke3 63. Bh6+ Ke4 64. Bf8 Ne3 65. Bh6 Nf5 66. Bf8 Ke3 67. Bc5 Ke2 68. Bb6 Kf3 69. Kd2 Ke4 70. Kc1 Ne3 71. Bc5 Kd5 72. Bf8 Kc4 73. Kd2 Nf1+ 74. Kc1 Ng3 75. Kb2 Ne2 76. Bg7 Kd5 77. Bf6 Ke4 78. Bg7 Nc3 79. Bf6 Nd5 80. Bg7 Nb6 81. Bf8 Ke3 82. Bc5 Nc4+ 83. Kc1 Ne5 84. Bf8 Ke2 85. Bg7 Nf3 86. Bf6 Ke1 87. Bg7 Ng1 88. Kb2 Ne2 89. Bxd4 Nxd4 90. Kc3 Nc6 91. Kc4 Kd2 92. Kb5 Kxc2 93. Kxa4 Kb2 94. Kb5 Kxa3 1/2-1/2

[Event "RUS-ch Rapid Men 2018"]
[Site "Sochi"]
[Date "2018.10.06"]
[Round "11"]
[White "Usmanov, Vasily"]
[Black "Remizov, Yaroslav"]
[Result "1/2-1/2"]
[ECO "D30"]
[WhiteElo "2453"]
[BlackElo "2315"]
[Annotator "ChessBase"]
[PlyCount "84"]
[EventDate "2018.10.05"]
[EventType "swiss"]
[EventCountry "RUS"]
[SourceTitle "playchess.com"]
[Source "ChessBase"]
[SourceQuality "1"]
[TimeControl "900+10"]

1. d4 d5 2. c4 e6 3. Nf3 c6 4. Bg5 f6 5. Bf4 Bd6 6. Bxd6 Qxd6 7. e3 Ne7 8. Nc3 Nd7 9. Be2 O-O 10. O-O f5 11. Rb1 Nf6 12. b4 Ne4 13. c5 Qc7 14. Nxe4 fxe4 15. Ne5 b5 16. a4 a6 17. f3 Bd7 18. Ra1 exf3 19. Bxf3 Ng6 20. Nxg6 hxg6 21. e4 Qf4 22. Qd3 bxa4 23. exd5 cxd5 24. Bxd5 Qxf1+ 25. Rxf1 Rxf1+ 26. Kxf1 exd5 27. Ke1 Bb5 28. Qf3 Re8+ 29. Kd2 Re4 30. Kc3 a3 31. c6 a2 32. Kb2 Re2+ 33. Ka1 Bc4 34. Qg3 Rc2 35. Qg5 Rf2 36. Qd8+ Kf7 37. Qd7+ Kf8 38. Qd6+ Kf7 39. Qc7+ Kf8 40. Qc8+ Kf7 41. Qd7+ Kf8 42. Qd6+ Kf7 1/2-1/2

[Event "RUS-ch Rapid Men 2018"]
[Site "Sochi"]
[Date "2018.10.06"]
[Round "11"]
[White "Drygalov, Sergey"]
[Black "Avalyan, Artur"]
[Result "1-0"]
[ECO "D37"]
[WhiteElo "2446"]
[BlackElo "2347"]
[Annotator "NA"]
[PlyCount "94"]
[EventDate "2018.10.05"]
[EventType "swiss"]
[EventCountry "RUS"]
[SourceTitle "playchess.com"]
[Source "ChessBase"]
[SourceQuality "1"]
[TimeControl "900+10"]

1. d4 Nf6 2. Nf3 d5 3. c4 e6 4. Nc3 Be7 5. Bf4 O-O 6. e3 b6 7. Bd3 dxc4 8. Bxc4 Nd5 9. Bg3 Bb7 10. O-O Nxc3 11. bxc3 Bd6 12. Ne5 Nd7 13. f4 Nf6 14. f5 exf5 15. Rxf5 Be4 16. Rf2 Qe7 17. Qe2 Bd5 18. Bxd5 Nxd5 19. c4 Bxe5 20. Bxe5 f6 21. Bf4 Nxf4 22. Rxf4 Rfe8 23. Re1 Rad8 24. h4 Rd6 25. Qd2 Re6 26. e4 Rd8 27. d5 Re5 28. Qf2 Re8 29. Re3 Qc5 30. Re2 Qxc4 31. Rc2 Qd3 32. Rxc7 Rxe4 33. Rxe4 Rxe4 34. Rd7 Qd1+ 35. Kh2 Qa4 36. Rd8+ Kf7 37. Kh3 Qa3+ 38. g3 Qe7 39. Rh8 Qd7+ 40. Kh2 Qxd5 41. Rc8 Qe5 42. Rc2 h5 43. Kg2 Qd5 44. Kh2 Rc4 45. Rd2 Qe5 46. Rd7+ Kg6 47. Qd2 Rxh4+ 1-0

[Event "RUS-ch Rapid Men 2018"]
[Site "Sochi"]
[Date "2018.10.06"]
[Round "11"]
[White "Pogromsky, Mikhail"]
[Black "Sakaev, Konstantin"]
[Result "1-0"]
[ECO "D01"]
[WhiteElo "2415"]
[BlackElo "2584"]
[Annotator "ChessBase"]
[PlyCount "100"]
[EventDate "2018.10.05"]
[EventType "swiss"]
[EventCountry "RUS"]
[SourceTitle "playchess.com"]
[Source "ChessBase"]
[SourceQuality "1"]
[TimeControl "900+10"]

1. d4 Nf6 2. Nc3 d5 3. Bg5 Nbd7 4. Nf3 h6 5. Bh4 e6 6. e3 Be7 7. Be2 c5 8. O-O a6 9. a4 b6 10. Ne5 Nxe5 11. dxe5 Nd7 12. Bxe7 Qxe7 13. f4 Bb7 14. Bf3 O-O 15. e4 d4 16. Ne2 Rfd8 17. Qe1 Nf8 18. Rd1 Ng6 19. g3 Rd7 20. Qf2 Rad8 21. Rd3 Qe8 22. Rfd1 Ne7 23. c3 dxc3 24. Rxd7 Rxd7 25. Rxd7 Qxd7 26. Nxc3 Nc6 27. Qe3 Nd4 28. Bg2 Bc6 29. Qd3 b5 30. axb5 axb5 31. Kf2 b4 32. Nd1 Bb5 33. Qd2 Qa7 34. Ne3 Qa1 35. f5 Qb1 36. f6 Qd3 37. Qxd3 Bxd3 38. fxg7 Kxg7 39. Bf1 Bxe4 40. Nc4 Bd5 41. Nb6 Nc6 42. Nd7 c4 43. Ke3 Kg6 44. h4 h5 45. Be2 Ne7 46. Kf4 Bc6 47. Nb8 Nd5+ 48. Kf3 Bb7 49. Kf2 Nb6 50. Ke3 b3 1-0

[Event "RUS-ch Rapid Men 2018"]
[Site "Sochi"]
[Date "2018.10.06"]
[Round "11"]
[White "Jary, Sergey"]
[Black "Chekhov, Sergei"]
[Result "0-1"]
[ECO "A45"]
[WhiteElo "2286"]
[BlackElo "2463"]
[Annotator "RC"]
[PlyCount "92"]
[EventDate "2018.10.05"]
[EventType "swiss"]
[EventCountry "RUS"]
[SourceTitle "playchess.com"]
[Source "ChessBase"]
[SourceQuality "1"]
[TimeControl "900+10"]

1. d4 Nf6 2. g3 e6 3. Bg2 c5 4. c3 Be7 5. e4 d5 6. e5 Nfd7 7. Ne2 b6 8. O-O Nc6 9. f4 g6 10. Be3 h5 11. Nd2 a5 12. Nf3 Ba6 13. Re1 Qc7 14. Qd2 a4 15. Kf2 Na5 16. Qc2 cxd4 17. Nexd4 Nc5 18. Bf1 Ne4+ 19. Kg2 Bxf1+ 20. Rxf1 a3 21. b4 Nc4 22. Bg1 h4 23. Rae1 Nb2 24. Ng5 Bxg5 25. Rxe4 dxe4 26. Nb5 Qc6 27. Nd6+ Ke7 28. fxg5 e3+ 29. Kh3 hxg3+ 30. Kxg3 Rh7 31. Qe4 Qxe4 32. Nxe4 Rah8 33. Kf3 Nc4 34. Ke2 Rd8 35. Rf4 Nxe5 36. h4 Nd3 37. Rg4 Ne5 38. Rf4 Nd3 39. Rg4 Nc1+ 40. Kxe3 Nxa2 41. Bf2 Nc1 42. Rg1 Nb3 43. Nf6 Rhh8 44. Kf3 Rd3+ 45. Kg2 Rd2 46. Kf3 Rxf2+ 0-1